 Dungeon Crawl Stone Soup version 0.23-a0-577-g2b1de94 (webtiles) character file.

556 Lanoc the Cudgeler (level 7, -1/67 HPs)
             Began as a Troll Abyssal Knight on Dec 14, 2018.
             Was a Priest of Lugonu.
             Slain by a scorpion (2 damage)
             ... on level 5 of the Dungeon.
             The game lasted 00:11:43 (3339 turns).

Lanoc the Cudgeler (Troll Abyssal Knight)           Turns: 3339, Time: 00:11:44

Health: -1/67      AC:  6    Str: 20 (23) XL:     7   Next: 8%
Magic:  7/7        EV:  1    Int:  5 (8)  God:    Lugonu [***...]
Gold:   212        SH:  0    Dex:  1 (14) Spells: 6/6 levels left

rFire    . . .     SeeInvis .   a - +1 mace
rCold    . . .     Gourm    +   (no shield)
rNeg     . . .     Faith    .   r - +0 animal skin
rPois    .         Spirit   .   (helmet restricted)
rElec    .         Reflect  .   p - +0 cloak
rCorr    +         Harm     .   (gloves unavailable)
MR       .....                  (boots unavailable)
Stlth    ..........             (no amulet)
HPRegen  0.61/turn              i - ring of resist corrosion
MPRegen  0.10/turn              (no ring)

@: agile, lethally poisoned (-1 -> -1), flying, slowed, lost dexterity, very
slow
A: large, unfitting armour, claws 3, fast metabolism 3, gourmand, regeneration
1, shaggy fur 1, tough skin 2
a: Depart the Abyss, Bend Space, Banish, Renounce Religion


You were on level 5 of the Dungeon.
You worshipped Lugonu.
Lugonu was most pleased with you.
You were very full.

You visited 1 branch of the dungeon, and saw 5 of its levels.
You visited the Abyss 1 time.

You collected 212 gold pieces.

Inventory:

Hand Weapons
 a - a +1 mace (weapon)
 b - a +0 flail
Armour
 p - a +0 cloak (worn)
 r - a +0 animal skin (worn)
Jewellery
 i - a ring of resist corrosion (left claw)
 x - a cursed -3 ring of intelligence {unknown}
Wands
 q - a wand of polymorph (6)
Scrolls
 d - 8 scrolls of identify {unknown}
 e - 4 scrolls of amnesia {unknown}
 f - 2 scrolls of fog {unknown}
 g - 3 scrolls of teleportation {unknown}
 s - a scroll of remove curse {unknown}
 t - 3 scrolls of enchant weapon {unknown}
 w - a scroll of enchant armour {unknown}
Potions
 h - a potion of might {unknown}
 j - a potion of cancellation
 n - 2 potions of flight
 v - a potion of berserk rage {unknown}
Comestibles
 c - 7 rations


   Skills:
 + Level 3.5 Fighting
 * Level 4.5 Maces & Flails
 + Level 2.5 Throwing
 + Level 3.2 Dodging
 + Level 2.4 Invocations


You had 6 spell levels left.
You didn't know any spells.
Your spell library was empty.

Dungeon Overview and Level Annotations

Branches:
Dungeon (5/15)
 Temple: D:4-7

Altars:
Ashenzari
Ru
The Shining One


Innate Abilities, Weirdness & Mutations

You are too large for most types of armour.
You have claws for hands.
Your metabolism is lightning-fast.
You like to eat raw meat.
Your natural rate of healing is unusually fast.
You are covered in fur. (AC +1)
You have very tough skin. (AC +2)


Message History

You closely miss the scorpion.
The scorpion is severely wounded.
The scorpion stings you!
* * * LOW HITPOINT WARNING * * *
The scorpion stings you but does no damage.
You closely miss the scorpion.
The scorpion is severely wounded.
The scorpion stings you but does no damage.
The scorpion stings you.
* * * LOW HITPOINT WARNING * * *
You hit the scorpion but do no damage.
The scorpion is severely wounded.
The scorpion stings you.
* * * LOW HITPOINT WARNING * * *
You are lethally poisoned!
The scorpion poisons you!
It was a potion of magic.
Magic courses through your body.
* * * LOW HITPOINT WARNING * * *
You feel sick. The scorpion stings you.
You die...

...............# #.# .#
..........._...# #.# .#
...............# #.# .##
...............###.###...
........................#
..........#####.##.##...#
..........# #..#.##...#
..######s## ##.#.##...# .
#@# #.#.##...#
#.#######...##...#
#................#
##########..#....#
#..#....# #.>#....#
##.#.<..# #.#.#..#
#.#.....


You could see a scorpion.

Vanquished Creatures
  Grinder (D:4)
  A centaur zombie (D:5)
  A quasit (D:5)
  Crazy Yiuf (D:2)
  A bullfrog skeleton (D:5)
  An orc wizard (D:4)
  A worker ant (D:4)
  Robin (D:3)
  8 adders
  2 worms (D:2)
  2 dart slugs
  5 leopard geckos
  3 orcs
  8 giant cockroaches
  16 goblins
  8 hobgoblins
  5 jackals
  3 quokkas
  5 ball pythons (D:3)
  5 bats
  3 frilled lizards
  4 kobolds
  A quokka zombie (D:5)
  7 rats
  A plant (D:4)
94 creatures vanquished.

Notes
Turn   | Place    | Note
-------+----------+-------------------------------------------
     0 | Abyss:1  | Lanoc the Troll Abyssal Knight began the quest for the Orb.
     0 | Abyss:1  | Reached XP level 1. HP: 22/22 MP: 1/1
    27 | D:1      | Escaped the Abyss
   142 | D:1      | Reached skill level 2 in Maces & Flails
   261 | D:1      | Reached XP level 2. HP: 24/29 MP: 2/2
   443 | D:1      | Reached ** piety under Lugonu
   911 | D:1      | Reached XP level 3. HP: 35/36 MP: 3/3
  1228 | D:2      | Reached skill level 1 in Throwing
  1536 | D:2      | Reached XP level 4. HP: 44/44 MP: 4/4
  1549 | D:2      | Found a sacrificial altar of Ru.
  1767 | D:2      | Reached skill level 3 in Maces & Flails
  1792 | D:2      | Found a runed door.
  1796 | D:2      | Noticed Crazy Yiuf
  1807 | D:2      | Killed Crazy Yiuf
  1921 | D:3      | Noticed Robin
  1993 | D:3      | Reached XP level 5. HP: 53/53 MP: 5/5
  1996 | D:3      | Killed Robin
  2082 | D:3      | Reached *** piety under Lugonu
  2648 | D:4      | Noticed Grinder
  2679 | D:4      | Killed Grinder
  2679 | D:4      | Reached skill level 4 in Maces & Flails
  2679 | D:4      | Reached XP level 6. HP: 17/61 MP: 6/6
  2772 | D:4      | Found a shattered altar of Ashenzari.
  3082 | D:5      | Entered Level 5 of the Dungeon
  3170 | D:5      | Lost dexterity.
  3177 | D:5      | Reached XP level 7. HP: 39/67 MP: 7/7
  3213 | D:5      | Found a glowing golden altar of the Shining One.
  3334 | D:5      | HP: 2/67 [scorpion (6)]
  3339 | D:5      | HP: 1/67 [poisoned by a scorpion]
  3339 | D:5      | Slain by a scorpion

Vault maps used:
D:1:      evilmike_arrival_rings
D:2:      kennysheep_flooded_box, minmay_misc_feat_pillars, kennysheep_boxes,
          uniq_crazy_yiuf_cottage
D:3:      minmay_shallow_snake_nest, uniq_robin
D:4:      evilmike_ruin_ashenzari, serial_bayou_pond_c, grunt_decor_cap,
          uniq_grinder
D:5:      first_ration, basic_altar, uniq_sigmund

Skill      XL: |  1  2  3  4  5 |
---------------+----------------+-----
Dodging        | 2 3 |  3.2
Maces & Flails | 2 3 4 |  4.5
Throwing       | 1 2 |  2.5
Fighting       | 3 |  3.5
Invocations    | 2 |  2.4

Action                   |  1- 3 |  4- 6 |  7- 9 || total
-------------------------+-------+-------+-------++-------
Melee: Mace              |   129 |   245 |    22 ||   396
  Use: Potion            |       |     5 |     9 ||    14
 Stab: Sleeping          |     1 |     1 |       ||     2
  Eat: Chunk             |    18 |    18 |     1 ||    37
Armor: Robe              |    63 |    28 |       ||    91
       Skin              |       |     2 |       ||     2
       Animal skin       |       |   107 |    17 ||   124
Dodge: Dodged            |    95 |   127 |     3 ||   225

Table legend:
 A = Non-vault XP
 B = Vault XP
 C = Vault XP percentage of total XP
 D = Non-vault monster count
 E = Vault monster count
 F = Vault count percentage of total count
                 A         B        C        D         E       F
            +---------+---------+-------+---------+---------+-------
      Total |     411 |     384 |  48.3 |      74 |      19 |  20.4
            +---------+---------+-------+---------+---------+-------
        D:1 |      46 |       0 |   0.0 |      26 |       0 |   0.0
        D:2 |      74 |      39 |  34.5 |      19 |       1 |   5.0
        D:3 |      65 |      55 |  45.8 |      16 |      17 |  51.5
        D:4 |      96 |     290 |  75.1 |       9 |       1 |  10.0
        D:5 |     130 |       0 |   0.0 |       4 |       0 |   0.0
            +---------+---------+-------+---------+---------+-------
